 Dungeon Crawl Stone Soup version 0.27.0-1-g7a089689b8 (webtiles) character file.

Game seed: 8056115336282145

746 emiel the Spear-Bearer (level 7, -2/62 HPs)
             Began as a Naga Fighter on Aug 7, 2021.
             Was an Initiate of Okawaru.
             Splashed by an acid dragon's acid (11 damage)
             ... on level 5 of the Dungeon.
             The game lasted 00:05:03 (5861 turns).

emiel the Spear-Bearer (Naga Fighter)               Turns: 5861, Time: 00:05:03

Health: -2/62      AC:  7    Str: 20      XL:     7   Next: 77%
Magic:  7/7        EV:  5    Int:  6 (8)  God:    Okawaru [......]
Gold:   191        SH:  0    Dex: 11      Spells: 6/6 levels left

rFire    + . .     SeeInvis +   a - +0 trident
rCold    . . .     Faith    .   (no shield)
rNeg     . . .     Spirit   .   i - +1 chain mail {rF+}
rPois    +         Reflect  .   d - +0 helmet
rElec    .         Harm     .   q - +1 cloak
rCorr    .         Rampage  .   (no gloves)
Will     .....                  (no barding)
Stlth    ..........             (no amulet)
HPRegen  0.20/turn              (no ring)
MPRegen  0.10/turn              (no ring)

@: short of breath, corroded, very slow
A: AC +2, large, see invisible, deformed body, poison resistance, slowness 2,
spit poison 1, naga tail 1, stinger 1, MP-powered wands
a: Spit Poison, Renounce Religion


You were on level 5 of the Dungeon.
You worshipped Okawaru.
Okawaru was noncommittal.
You visited 1 branch of the dungeon, and saw 5 of its levels.

You collected 191 gold pieces.

Inventory:

Hand Weapons
 a - a +0 trident (weapon)
 e - a +0 dagger of venom
Armour
 d - a +0 helmet (worn)
 i - a +1 chain mail of fire resistance (worn)
 q - a +1 cloak (worn)
Jewellery
 n - an amulet of magic regeneration
Scrolls
 b - a scroll of holy word
 l - a scroll of enchant armour {unknown}
 o - a scroll of silence {unknown}
 r - a scroll of enchant weapon
Potions
 c - a potion of mutation
 f - a potion of brilliance
 j - 3 potions of degeneration


   Skills:
 - Level 3.0 Fighting
 * Level 8.6 Polearms
 - Level 2.4 Armour
 - Level 2.4 Shields


You had 6 spell levels left.
You didn't know any spells.
Your spell library contained the following spells:

 Spells                   Type           Power      Damage    Failure   Level
 Blink                    Tloc           N/A        N/A       100%        2
 Slow                     Hex            0%         N/A       100%        2
 Confusing Touch          Hex            0%         N/A       100%        3
 Lesser Beckoning         Tloc           0%         N/A       100%        3
 Manifold Assault         Tloc           0%         N/A       100%        5
 Yara's Violent Unravell  Hex/Tmut       0%         3d3       100%        5


Dungeon Overview and Level Annotations

Branches:
Dungeon (5/15)
 Temple: D:4-7

Altars:
Cheibriados
Fedhas
Makhleb
Okawaru
Xom
The Shining One


Innate Abilities, Weirdness & Mutations

Your serpentine skin is tough. (AC +2)
You have supernaturally acute eyesight. (SInv)
Armour fits poorly on your strangely shaped body.
Your system is resistant to poisons. (rPois)
You cover ground very slowly.
You can spit poison.
You have a snake-like lower body.
Your tail ends in a poisonous barb.
You expend magic power (3 MP) to strengthen your wands.


Message History

You closely miss the yak.
The yak is lightly wounded.
The sentinel's mark upon you fades away.
An orc comes into view. It is wielding a +0 flail.
Your chain mail prevents you from hitting the yak.
The yak is lightly wounded.
The yak gores you!
You puncture the yak!
The yak is heavily wounded.
The yak gores you!
You hit the yak.
The yak is heavily wounded.
An ufetubus comes into view.
The yak gores you!
* * * LOW HITPOINT WARNING * * *
You hit the yak.
The yak is severely wounded.
The yak gores you!
* * * LOW HITPOINT WARNING * * *
As you read the scroll of identify, it crumbles to dust.
b - a scroll of holy word The yak gores you but does no damage.
Blink to where?
Press: ? - help, Dir - move target, p - yak
As you read the scroll labelled GUTIUL XA BOM, it crumbles to dust.
It was a scroll of blinking.
Okay, then.
You feel better.
As you read the scroll labelled LUFOAWKIAR, it crumbles to dust.
You feel strangely unstable.
It was a scroll of teleportation.
Press: ? - help, Shift-Dir - straight line, f - yak
Aim: a yak (heavily wounded)
The splash of poison hits the yak.
The yak is poisoned.
The yak is severely wounded.
Your surroundings suddenly seem different.
The acid dragon spits acid at you. The splash of acid hits you!
* * * LOW HITPOINT WARNING * * *
The acid corrodes you!
You are splashed with acid!
You die...

.D.Y## #Y...# #....# .#
..####..YY#...#
...............
#.########## #......#...#
#..........## ♣♣♣♣
#.......@D..###
♣..♣##.............##
♣....##......###....##
♣._..#.......#_#.....#
♣...........##.##....# #
♣..♣..##...##...##YY.#
#.♣♣♣♣.####..#..#..#.o.#
#.......# #.##.###.#.YS#
#.......###.##.###.#.5.##


You could see a yak and an acid dragon (catching breath).

Vanquished Creatures
  A black bear (D:3)
  The ghost of inmateoo the Skirmisher, an amateur PaMo (D:3)
  An ogre (D:5)
  A scorpion (D:4)
  A wyvern skeleton (D:3)
  An orc priest (D:4)
  2 iguanas (D:4)
  A bullfrog skeleton (D:4)
  4 orc wizards
  7 adders
  2 worms
  6 dart slugs
  8 orcs
  2 endoplasms
  7 giant cockroaches
  2 hobgoblins
  2 jackals (D:1)
  9 kobolds
  3 quokkas
  16 ball pythons
  6 bats
  2 frilled lizards
  5 goblins
  4 rats
94 creatures vanquished.

Notes
Turn   | Place    | Note
-------+----------+-------------------------------------------
     0 | D:1      | emiel the Naga Fighter began the quest for the Orb.
     0 | D:1      | Reached XP level 1. HP: 21/21 MP: 1/1
   301 | D:1      | Reached XP level 2. HP: 28/28 MP: 2/2
   325 | D:1      | Reached skill level 3 in Polearms
   810 | D:1      | Reached XP level 3. HP: 34/34 MP: 3/3
  1139 | D:1      | Found a faded altar of an unknown god.
  1715 | D:2      | Reached skill level 4 in Polearms
  1747 | D:2      | Reached XP level 4. HP: 40/42 MP: 4/4
  2519 | D:3      | Noticed inmateoo's ghost (amateur PaMo)
  2527 | D:3      | Found a runed translucent gate.
  2527 | D:3      | Found a runed translucent gate.
  2528 | D:3      | Found a runed translucent gate.
  2580 | D:3      | Noticed a black bear
  2588 | D:3      | Killed a black bear
  2589 | D:3      | Reached skill level 5 in Polearms
  2589 | D:3      | Reached XP level 5. HP: 19/49 MP: 5/5
  2801 | D:3      | Found a shimmering altar of Xom.
  2966 | D:3      | Reached skill level 6 in Polearms
  2966 | D:3      | Reached XP level 6. HP: 28/56 MP: 6/6
  3543 | D:3      | Gained mutation: You are weak. (Str -2) [potion of
                  | mutation]
  3543 | D:3      | Gained mutation: Your spells are a little harder to cast,
                  | but a little more powerful. [potion of mutation]
  3544 | D:3      | Lost mutation: Your spells are a little harder to cast, but
                  | a little more powerful. [potion of mutation]
  3544 | D:3      | Lost mutation: You are weak. (Str -2) [potion of mutation]
  3544 | D:3      | Gained mutation: You are clumsy. (Dex -2) [potion of
                  | mutation]
  3544 | D:3      | Gained mutation: Your tail ends in a poisonous barb.
                  | [potion of mutation]
  3544 | D:3      | Lost mutation: You are clumsy. (Dex -2) [potion of
                  | mutation]
  3544 | D:3      | Gained mutation: You expend magic power (3 MP) to
                  | strengthen your wands. [potion of mutation]
  3561 | D:3      | Killed inmateoo's ghost
  3562 | D:3      | Reached skill level 7 in Polearms
  4258 | D:4      | Reached XP level 7. HP: 58/62 MP: 7/7
  4763 | D:4      | Reached skill level 8 in Polearms
  5056 | D:4      | Found a snail-covered altar of Cheibriados.
  5433 | D:5      | Entered Level 5 of the Dungeon
  5443 | D:5      | Found a burning altar of Makhleb.
  5777 | D:5      | Found an iron altar of Okawaru.
  5777 | D:5      | Found a faded altar of an unknown god.
  5785 | D:5      | Found a glowing golden altar of the Shining One.
  5788 | D:5      | Became a worshipper of Warmaster Okawaru
  5791 | D:5      | Found a faded altar of an unknown god.
  5793 | D:5      | Found a blossoming altar of Fedhas.
  5824 | D:5      | Noticed a yak
  5824 | D:5      | Noticed a yak
  5824 | D:5      | Noticed a yak
  5825 | D:5      | Noticed a yak
  5825 | D:5      | Noticed a yak
  5825 | D:5      | Noticed a yak
  5861 | D:5      | Splashed by an acid dragon's acid

Illustrated notes

Levels and vault maps discovered:
D:1:      dpeg_arrival_round_a, layout_rooms, shapermc_ecumenical_altar_venn
D:2:      layout_basic, minmay_tetromino_o2
D:3:      layout_basic, xom_teletrap_fun, gammafunk_ghost_split
D:4:      kb_forest_paths, layout_basic, mainiacjoe_overflow_24_doors,
          minmay_close_crescents
D:5:      minmay_recursive_quarters, layout_cave_pods,
          mainiacjoe_overflow_alcove_1, chequers_temple_overflow_minitemple,
          gammafunk_ghost_grave

Skill      XL: |  1  2  3  4  5  6  7 |
---------------+----------------------+-----
Polearms       | 3 4 5 6 7 8 |  8.6
Fighting       | |  3.0
Armour         | |  2.4
Shields        | |  2.4

Action                   |  1- 3 |  4- 6 |  7- 9 || total
-------------------------+-------+-------+-------++-------
Melee: Trident           |    23 |   114 |    82 ||   219
       Dagger            |   102 |    83 |       ||   185
       Unarmed           |       |    12 |       ||    12
 Abil: Spit Poison       |     2 |     1 |     3 ||     6
  Use: Potion            |       |     8 |     1 ||     9
       Scroll            |       |       |     6 ||     6
Armor: Scale mail        |    59 |       |       ||    59
       Chain mail        |    13 |   129 |    48 ||   190
       Skin              |       |     8 |       ||     8
Dodge: Dodged            |    52 |    63 |    20 ||   135
